 Dungeon Sprint DCSS version 0.24.0-13-gcf9b319 (webtiles) character file.

Game seed: 6682277009753422764, levelgen mode: deterministic

3070 Fang the Fighter (level 9, 0/66 HPs)
             Began as a Gargoyle Berserker on Nov 11, 2019.
             Was a Priest of Trog.
             Killed from afar by a purple draconian (26 damage)
             ... with a bolt of dispelling energy
             ... in the Dungeon (Sprint V: "Ziggurat Sprint").
             The game lasted 00:00:45 (162 turns).

Fang the Fighter (Gargoyle Berserker)                Turns: 162, Time: 00:00:45

Health: 0/66       AC: 36    Str: 37    XL:     9   Next: 88%
Magic:  9/9        EV:  5    Int:  7    God:    Trog [***...]
Gold:   0          SH: 27    Dex:  9    Spells: 8/8 levels left

rFire    . . .     SeeInvis .   a - +5 broad axe
rCold    . . .     Gourm    .   E - +18 shield of the Gong {rElec rN+ MR+ EV-5}
rNeg     + + .     Faith    .   b - +15 Maxwell's patent armour {-Cast -Tele rElec MR+ rCorr}
rPois    ∞         Spirit   .   (no helmet)
rElec    +         Reflect  .   (no cloak)
rCorr    +         Harm     .   (no gloves)
MR       ++...     NoTele   +   (no boots) Stlth ..........NoCast +
                                (no amulet)
HPRegen  0.21/turn              D - +6 ring of strength
MPRegen  0.11/turn              C - +6 ring of strength

@: berserk cooldown, slowed, very slow
A: negative energy resistance 1, electricity resistance, unbreathing,
petrification resistance, rot immunity, AC +6
a: Berserk, Trog's Hand, Renounce Religion


You were in the Dungeon.
You worshipped Trog.
Trog was most pleased with you.
You were not hungry.

You visited 1 branch

Inventory:

Hand Weapons
 a - a +5 broad axe (weapon)
Armour
 b - the +15 Maxwell's patent armour (worn) {-Cast -Tele rElec MR+ rCorr}
   (You found it in the Dungeon)

   It insulates you from electricity.
   It affects your resistance to hostile enchantments.
   It prevents spellcasting.
   It prevents most forms of teleportation.
   It provides partial protection from all sources of acid and corrosion.
 E - the +18 shield of the Gong (worn) {rElec rN+ MR+ EV-5}
   (You found it in the Dungeon)

   It affects your evasion (-5).
   It insulates you from electricity.
   It protects you from negative energy.
   It affects your resistance to hostile enchantments.
Jewellery
 o - the ring "Osicw" {rF- rN+ Dex+4 Slay+4}
   (You found it in the Dungeon)

   [ring of positive energy]

   It affects your dexterity (+4).
   It affects your accuracy and damage with ranged weapons and melee attacks
   (+4).
   It makes you vulnerable to fire.
   It protects you from negative energy.
 C - a +6 ring of strength (right hand)
 D - a +6 ring of strength (left hand)
Wands
 u - a wand of disintegration (7)
 v - a wand of iceblast (7)
 w - a wand of acid (7)
Scrolls
 i - 4 scrolls of blinking
 j - 7 scrolls of fog
 k - a scroll of holy word
 l - 5 scrolls of identify
 m - 5 scrolls of remove curse
 n - 2 scrolls of fear
Potions
 d - 10 potions of curing
 e - 9 potions of heal wounds
 f - 6 potions of haste
 h - 3 potions of berserk rage
 p - 2 potions of invisibility
 q - 4 potions of resistance
 r - a potion of experience
 s - 5 potions of agility
 t - 5 potions of might
Comestibles
 c - 7 rations
 g - 5 chunks of flesh


   Skills:
 + Level 12.4 Fighting
 + Level 10.6 Axes
 + Level 12.2 Armour
 + Level 9.6 Dodging


You had 8 spell levels left.
You didn't know any spells.
Your spell library was empty.

Dungeon Overview and Level Annotations

Branches:
Dungeon (1/1)

Altars:
Ashenzari
Cheibriados
Dithmenos
Elyvilon
Fedhas
Gozag
Hepliaklqana
Kikubaaqudgha
Makhleb
Nemelex Xobeh
Okawaru
Qazlal
Ru
Sif Muna
Trog
Uskayaw
Vehumet
Wu Jian
Xom
Yredelemnul
Zin
The Shining One
Beogh
Jiyva
Lugonu

Annotations:
D 1 transporter


Innate Abilities, Weirdness & Mutations

You are resistant to torment.
Your stone body is resilient. (AC +6)
You are immune to poison.
You resist negative energy. (rN+)
You are resistant to electric shocks. (rElec)
You can survive without breathing.
You are immune to petrification.
You are immune to rotting.


Message History

Your Dodging skill increases to level 9!
You have reached level 9!
Your experience leads to an increase in your attributes!
Your base attributes are Str 24, Int 7, Dex 9.
Increase (S)trength, (I)ntelligence, or (D)exterity?
You feel stronger.
Your skin stops crawling.
You feel less resistant to hostile enchantments.
You block the purple draconian's attack.
BOUMMMMG!
You block the purple draconian's attack.
GONNNNG!
You hit the purple draconian.
The purple draconian is lightly wounded.
The purple draconian hits you but does no damage. x2
Your shield prevents you from hitting the purple draconian.
The purple draconian breathes dispelling energy at you.
The bolt of dispelling energy hits you!!
Your magical effects are unravelling.
You die...

▓▓▓▓▓▓▓▓▓▓▓▓▓▓▓▓▓▓▓
▓.8©8.▓.8©8.▓.8©8.▓
▓.[[).▓.}.:.▓.....▓
▓..)..▓.....▓.[.).▓
▓.....▓.))).▓.....▓
▓..d).▓.....▓..÷|.▓
▓.)@..▓.....▓..©..▓
▓..©..▓..©..▓▓▓▓▓▓▓
▓▓▓▓▓▓▓▓▓▓▓▓▓


You could see a purple draconian.

Vanquished Creatures
  A death cob (D)
  4 draconians (D)
  2 orc priests (D)
  An orc (D)
8 creatures vanquished.

Notes
Turn   | Place    | Note
-------+----------+-------------------------------------------
     0 | D        | Fang the Gargoyle Berserker began the quest for the Orb.
     0 | D        | Reached XP level 1. HP: 14/14 MP: 1/1
     1 | D        | Found a blossoming altar of Fedhas.
     2 | D        | Found the +6 Majin-Bo {vamp, Archmagi MP+6 Int+6}
     2 | D        | Found the +7 great mace "Firestarter" {inner flame, rF++}
     3 | D        | Found a viscous altar of Jiyva.
     3 | D        | Found a hazy altar of Hepliaklqana.
     3 | D        | Found a transporter.
     3 | D        | Found an opulent altar of Gozag.
     3 | D        | Found an ancient bone altar of Kikubaaqudgha.
     3 | D        | Found a corrupted altar of Lugonu.
    15 | D        | Found a burning altar of Makhleb.
    17 | D        | Found a stormy altar of Qazlal.
    17 | D        | Found an iron altar of Okawaru.
    17 | D        | Found a sacrificial altar of Ru.
    17 | D        | Found a sparkling altar of Nemelex Xobeh.
    17 | D        | Found a shimmering blue altar of Sif Muna.
    17 | D        | Found a bloodstained altar of Trog.
    24 | D        | Found the +9 heavy crossbow "Sniper" {velocity, Acc+∞ SInv}
    24 | D        | Found the +10 dark maul {crush}
    24 | D        | Found the +15 Maxwell's patent armour {-Cast -Tele rElec
                  | MR+ rCorr}
    24 | D        | Found the +18 shield of the Gong {rElec rN+ MR+ EV-5}
    24 | D        | Found the cursed +14 obsidian axe {chop, +Fly SInv *Curse}
    75 | D        | Entered arena 2.
    75 | D        | Noticed a draconian
    75 | D        | Noticed a draconian
    75 | D        | Found a transporter.
    89 | D        | Killed a draconian
    89 | D        | Reached skill level 5 in Dodging
    89 | D        | Reached XP level 2. HP: 25/25 MP: 2/2
    89 | D        | Reached XP level 3. HP: 29/29 MP: 3/3
    89 | D        | Reached XP level 4. HP: 35/35 MP: 4/4
    89 | D        | Reached XP level 5. HP: 39/39 MP: 5/5
    89 | D        | Reached XP level 6. HP: 44/44 MP: 6/6
    93 | D        | Killed a draconian
    93 | D        | Reached XP level 7. HP: 50/51 MP: 7/7
   119 | D        | Entered arena 3.
   119 | D        | Found a transporter.
   122 | D        | Reached ** piety under Trog
   127 | D        | Got the ring "Osicw" {rF- rN+ Dex+4 Slay+4}
   134 | D        | Entered arena 4.
   134 | D        | Noticed a draconian
   134 | D        | Noticed a death cob
   134 | D        | Noticed a purple draconian
   134 | D        | Noticed a draconian
   134 | D        | Found a transporter.
   146 | D        | Killed a draconian
   146 | D        | Reached skill level 10 in Fighting
   146 | D        | Reached skill level 10 in Armour
   146 | D        | Reached XP level 8. HP: 58/58 MP: 8/8
   152 | D        | Killed a draconian
   152 | D        | Reached *** piety under Trog
   159 | D        | Killed a death cob
   159 | D        | Reached skill level 10 in Axes
   159 | D        | Reached XP level 9. HP: 24/66 MP: 9/9
   162 | D        | Killed from afar by a purple draconian

Levels and vault maps discovered:
D:        sprint_v [room_start, room_1, room_2, room_3, room_4, room_5, room_6,
          room_7, room_8, room_9, room_10, room_11, room_12, room_13, room_14,
          room_15, room_16, room_17, room_18, room_19, room_20, room_21,
          room_22, room_23, room_24, room_25, room_26, room_27]

Skill      XL: |  1  2  3  4  5  6  7  8 |
---------------+-------------------------+-----
Fighting       | 8 9 10 12 | 12.4
Axes           | 6 8 10 | 10.6
Armour         | 7 9 10 12 | 12.2
Dodging        | 5 7 9 |  9.6

Action                   |  1- 3 |  4- 6 |  7- 9 || total
-------------------------+-------+-------+-------++-------
Melee: Broad axe         |    13 |     4 |    24 ||    41
Invok: Berserk           |     1 |       |     1 ||     2
       Trog's Hand       |       |       |     1 ||     1
  Use: Potion            |       |       |     1 ||     1
Armor: Plate armour      |     3 |     1 |    47 ||    51
Dodge: Dodged            |       |       |    10 ||    10
Block: Shield            |    19 |     5 |    71 ||    95
